 Dungeon Crawl Stone Soup version 0.30-a0-778-g2ef04afb54 (webtiles) character file.

Game seed: 6959154674224154473

132 bande the Covered (level 5, -1/33 HPs)
             Began as a Gargoyle Fighter on Feb 17, 2023.
             Killed from afar by an orc wizard (10 damage)
             ... with a puff of flame
             ... on level 3 of the Dungeon.
             The game lasted 00:03:14 (1698 turns).

bande the Covered (Gargoyle Fighter)                Turns: 1698, Time: 00:03:14

Health: -1/33      AC: 14    Str: 19    XL:     5   Next: 15%
Magic:  5/5        EV:  7    Int:  9    God:
Gold:   96         SH:  4    Dex: 11    Spells: 4/4 levels left

rFire   . . .      SeeInvis .    e - +2 broad axe (vamp)
rCold   . . .      Faith    .    c - +0 buckler
rNeg    + . .      Spirit   .    o - +0 chain mail
rPois   ∞          Reflect  .    (no helmet)
rElec   +          Harm     .    (no cloak)
rCorr   .          Rampage  .    q - +0 pair of gloves
Will    .....                    (no boots) Stlth
                                 (no amulet)
HPRegen 0.25/turn                (no ring)
MPRegen 0.09/turn                (no ring)

@: no status effects
A: sickness immunity, AC +4, negative energy resistance 1, electricity
resistance, torment resistance 1, petrification resistance
a: no special abilities


You were on level 3 of the Dungeon.
You visited 1 branch of the dungeon, and saw 3 of its levels.

You collected 96 gold pieces.

Inventory:

Hand Weapons
 e - a +2 vampiric broad axe (weapon)
 n - a +2 war axe of electrocution
Armour
 c - a +0 buckler (worn)
 o - a +0 chain mail (worn)
 q - a +0 pair of gloves (worn)
Jewellery
 b - a ring of magical power
 f - a ring of wizardry
Wands
 h - a wand of flame (24)
Scrolls
 a - a scroll of magic mapping
 i - 2 scrolls of fear
Potions
 d - 2 potions of might
 g - a potion of lignification {unknown}
 j - a potion of attraction {unknown}
 k - 2 potions of resistance {unknown}
 l - 2 potions of heal wounds {unknown}
 m - 3 potions of brilliance
 p - 3 potions of curing {unknown}
 r - a potion of ambrosia {unknown}


   Skills:
 + Level 3.9 Fighting
 + Level 3.2 Axes
 + Level 4.1 Armour
 - Level 0.2 Stealth
 + Level 3.8 Shields
 * Level 0.8 Evocations


You had 4 spell levels left.
You didn't know any spells.
Your spell library contained the following spells:

 Spells                   Type           Power      Damage    Failure   Level
 Freezing Cloud           Conj/Ice/Air   0%         6-21      100%        5
 Simulacrum               Ice/Necr       0%         N/A       100%        6
 Polar Vortex             Ice            0%         N/A       100%        9


Dungeon Overview and Level Annotations

Branches:
Dungeon (3/15)

Altars:

Shops:
D:2 (


Innate Abilities, Weirdness & Mutations

You are immune to sickness and miasma.
Your stone body is resilient. (AC +4)
You are immune to poison.
You resist negative energy. (rN+)
You are resistant to electric shocks. (rElec)
You are resistant to unholy torment.
You are immune to petrification.


Message History

Something hits you but does no damage.
You're too confused to move!
You feel less confused.
The goblin shouts!
You block the orc's attack. Something completely misses you.
Something hits you but does no damage.
You hit something but do no damage. You barely miss something. You hit the orc.
You kill the orc!
You hear some strange, mumbled words.
Something tries to affect you, but you resist.
Something hits you but does no damage.
You hit something.
You feel better.
You barely miss something. Something hits you but does no damage.
You hear some strange, mumbled words.
You are confused.
Something completely misses you. Something hits you but does no damage.
Unknown command.
You completely miss something. x2; Something hits you but does no damage.
Something hits you.
You completely miss something. x2; Something hits you but does no damage. x2
Something hits you. Something hits you but does no damage.
The goblin hits you but does no damage.
You're too confused to move!
Something hits you. The goblin hits you but does no damage.
Something hits you but does no damage.
Unknown command.
You completely miss something. You miss the goblin. You miss something.
Something hits you but does no damage. The goblin hits you with a +0 club.
You hear some strange, mumbled words.
A puff of flame appears from out of thin air!
The puff of flame hits you. Something hits you but does no damage.
The goblin hits you but does no damage.
You barely miss something. You miss the goblin. You miss something.
You feel less confused. Something hits you.
* * * LOW HITPOINT WARNING * * *
Something hits you but does no damage. You block the goblin's attack.
You hear some strange, mumbled words.
A puff of flame appears from out of thin air!
The puff of flame hits you!
You die...

#.# #.##...#...
####.####.###..#...
#....##...# ##.....
#.#####.######.####
#.#####........#
****#....###########***
*,,,#.)).#***#*,,,,,,,,
*,*,#{)g.#...#*,,,,,,**
*,*,#.@).'....+,,,,,,*
*,*,##...#...#*,,,,,,*
*,*,,+...'....,,,,,,,*
*,***#...#...#*,,,,,,*
*,,,,....#####*,,,,,,*
*****.#### *,,,,,,* *.*
***,,,,,,* #.*
***,*,,,,,,* *,*
**,,,,*,,,,**


You could see a goblin.

Vanquished Creatures
  A kobold brigand (D:3)
  An adder (D:2)
  4 orcs (D:3)
  2 bats (D:2)
  6 endoplasms
  6 hobgoblins
  4 jackals
  6 kobolds
  2 quokkas (D:1)
  7 ball pythons
  2 frilled lizards (D:1)
  5 goblins
  3 rats (D:1)
49 creatures vanquished.

Vanquished Creatures (others)
  14 plants (D:3)
14 creatures vanquished.

Grand Total: 63 creatures vanquished

Notes
Turn   | Place    | Note
-------+----------+-------------------------------------------
     0 | D:1      | bande the Gargoyle Fighter began the quest for the Orb.
     0 | D:1      | Reached XP level 1. HP: 14/14 MP: 1/1
    45 | D:1      | Reached XP level 2. HP: 11/19 MP: 2/2
   542 | D:1      | Reached XP level 3. HP: 16/23 MP: 3/3
   816 | D:2      | Found Podiar's Weapon Shoppe.
  1460 | D:3      | Identified a scroll of acquirement
  1460 | D:3      | Acquired a +1 vampiric broad axe
  1666 | D:3      | Noticed a kobold brigand
  1670 | D:3      | Reached XP level 4. HP: 29/29 MP: 4/4
  1677 | D:3      | Killed a kobold brigand
  1678 | D:3      | Reached skill level 4 in Armour
  1678 | D:3      | Reached XP level 5. HP: 23/33 MP: 5/5
  1698 | D:3      | Killed from afar by an orc wizard

Illustrated notes

Levels and vault maps discovered:
D:1:      beargit_arrival_greenhouse, layout_rooms, bh_walls_and_bars
D:2:      layout_basic, serial_shops, nicolae_shop_bloodbath_and_beyond
D:3:      layout_basic, nicolae_hepliaklqana_hazy_memory, dk_vineyard_2,
          uniq_crazy_yiuf_cottage

Skill      XL: |  1  2  3  4 |
---------------+-------------+-----
Axes           | 2 3 |  3.2
Armour         | 4 |  4.1
Fighting       | |  3.9
Stealth        | |  0.2
Shields        | |  3.8
Evocations     | |  0.8

Action                     |  1- 3 |  4- 6 || total
---------------------------+-------+-------++-------
  Melee: War axe           |   127 |       ||   127
         Broad axe         |    10 |    21 ||    31
    Use: Scroll            |     7 |       ||     7
 Armour: Scale mail        |    32 |       ||    32
         Chain mail        |    55 |    48 ||   103
  Dodge: Dodged            |    61 |    10 ||    71
  Block: Buckler           |    23 |     7 ||    30

Table legend: (Time is in decaauts)
 A = Elapsed time spent in this place.
 B = Non-inter-level travel time spent in this place.
 C = Inter-level travel time spent in this place.
 D = Time resting spent in this place.
 E = Time spent auto-exploring this place.
 F = Levels seen in this place.
 G = Mean time per level.
                   A        B        C        D        E       F      G
               +--------+--------+--------+--------+--------+-----+--------+
         Total |   1767 |   1662 |    105 |      0 |   1232 |   3 |  589.0 |
       Dungeon |   1767 |   1662 |    105 |      0 |   1232 |   3 |  589.0 |
               +--------+--------+--------+--------+--------+-----+--------+

Top non-repeatable levels by time:
     D:2: 767 daAuts
     D:1: 688 daAuts
     D:3: 310 daAuts
